 Dungeon Crawl Stone Soup version 0.31-a0-667-g39726597b9 (webtiles) character file.

Game seed: 12205593599713728417

137942 arthad the Ogre Mage (level 17, -21/170 HPs)
             Began as an Ogre Fire Elementalist on Sept 3, 2023.
             Was the Champion of Makhleb.
             Killed from afar by an elemental wellspring (38 damage)
             ... with a torrent of water
             ... on level 1 of the Shoals.
             The game lasted 01:56:18 (24389 turns).

arthad the Ogre Mage (Ogre Fire Elementalist)      Turns: 24389, Time: 01:56:19

Health: -21/170    AC: 10    Str: 14    XL:     17   Next: 25%
Magic:  40/40      EV: 16    Int: 33    God:    Makhleb [******]
Gold:   2467       SH:  0    Dex:  9    Spells: 4/43 levels left

rFire   + . .        d - +6 Majin-Bo {spellvamp, MP+6 Int+6}
rCold   . . .        (no shield)
rNeg    . . .        Q - +3 troll leather armour "Huisujan" {rF+ Regen+ Int+2}
rPois   +            P - +2 hat "Jozenib" {rPois Will+ Str-2}
rElec   .            V - +0 cloak {rCorr}
rCorr   +            (gloves unavailable)
SInv    +            (boots unavailable)
Will    ++...        H - amulet of Vitality {RegenMP++ Regen++}
Stlth   +++          t - ring "Linizatz" {Wiz Int+3 SInv}
HPRegen 2.88/turn    L - +5 ring of evasion
MPRegen 1.07/turn

%: wizardry (x1)
@: engulfed (cannot breathe)
A: large, unfitting armour, tough skin 1
a: Renounce Religion, Minor Destruction, Lesser Servant of Makhleb, Major
Destruction, Greater Servant of Makhleb


You were on level 1 of the Shoals.
You worshipped Makhleb.
Makhleb was exalted by your worship.
You visited 5 branches of the dungeon, and saw 24 of its levels.
You also visited: Gauntlet and Volcano.

You collected 2467 gold pieces.

Inventory:

Hand Weapons
 d - the +6 Majin-Bo (weapon) {spellvamp, MP+6 Int+6}
   (You acquired it on level 6 of the Dungeon)

   Int+6:     It affects your intelligence (+6).
   MP+6:      It affects your magic capacity (+6).
 M - a +5 lajatang of flaming
 N - the +8 arbalest of Youthful Indiscretion {antimagic, rPois rF+ Str+3 Dex+3}
   (You found it on level 7 of the Dungeon)

   Str+3:     It affects your strength (+3).
   Dex+3:     It affects your dexterity (+3).
   rF+:       It protects you from fire.
   rPois:     It protects you from poison
Missiles
 o - 33 large rocks
 A - 14 javelins
 D - 5 silver javelins
 T - a curare-tipped dart
 Z - 21 poisoned darts
Armour
 i - a +0 tower shield
 q - +0 fire dragon scales
 P - the +2 hat "Jozenib" (worn) {rPois Will+ Str-2}
   (You found it in a Gauntlet)

   Str-2:     It affects your strength (-2).
   rPois:     It protects you from poison Will+: It increases your willpower.
 Q - the +3 troll leather armour "Huisujan" (worn) {rF+ Regen+ Int+2}
   (You found it on level 5 of the Lair of Beasts)

   Int+2:     It affects your intelligence (+2).
   rF+:       It protects you from fire.
   Regen+:    It increases your rate of health regeneration.
 V - a +0 cloak of preservation (worn)
Magical Staves
 B - a staff of air
 C - a staff of conjuration
 O - a staff of earth
 S - a staff of fire
Jewellery
 a - the amulet "Eze Puz" {Spirit -Tele rElec rC+++ Will-}
   (You took it off a centaur on level 12 of the Dungeon)

   [amulet of guardian spirit]

   Spirit:    It causes incoming damage to be divided between your reserves of
   health and magic.
   rC+++:     It renders you almost immune to cold.
   rElec:     It insulates you from electricity.
   Will-:     It decreases your willpower.
   -Tele:     It prevents most forms of teleportation.
 n - a ring of poison resistance
 t - the ring "Linizatz" (left hand) {Wiz Int+3 SInv}
   (You found it in a Gauntlet)

   [ring of wizardry]

   Wiz:       It improves your spell success rate.
   Int+3:     It affects your intelligence (+3).
   SInv:      It lets you see invisible.
 w - a ring of flight
 H - the amulet of Vitality (around neck) {RegenMP++ Regen++}
   (You acquired it on level 9 of the Dungeon)

   [amulet of magic regeneration]

   RegenMP:   It increases your rate of magic regeneration.
   Regen++:   It increases your rate of health regeneration.
 K - a ring of protection from fire
 L - a +5 ring of evasion (right hand)
Wands
 l - a wand of mindburst (15)
 v - a wand of flame (75)
 x - a wand of iceblast (6)
 E - a wand of digging (10)
 X - a wand of acid (16)
Scrolls
 c - a scroll of poison
 f - 5 scrolls of revelation
 h - 3 scrolls of immolation
 r - 3 scrolls of blinking
 s - 3 scrolls of enchant armour
 y - 4 scrolls of teleportation
 G - 5 scrolls of identify
 I - a scroll of fog
 R - a scroll of silence
 U - 4 scrolls of amnesia
Potions
 b - 2 potions of magic
 g - 3 potions of enlightenment
 k - 3 potions of lignification
 m - 2 potions of resistance
 u - 5 potions of curing
 z - 7 potions of might
 F - 8 potions of mutation
 W - 3 potions of invisibility
 Y - 4 potions of brilliance
Miscellaneous
 e - a condenser vane
 p - a lightning rod (4/4)


   Skills:
 + Level 11.4 Fighting
 + Level 5.6 Staves
 + Level 4.4 Armour
 * Level 9.2 Dodging
 + Level 7.1 Stealth
 * Level 13.6 Spellcasting
 * Level 11.2 Conjurations
 + Level 6.0 Necromancy
 + Level 2.8 Translocations
 * Level 11.7 Fire Magic
 + Level 9.9 Earth Magic
 + Level 8.8 Invocations


You had 4 spell levels left.
You knew the following spells:

 Your Spells              Type           Power      Damage    Failure   Level
a - Foxfire               Conj/Fire      100%       2x1d9     0%          1
b - Scorch                Fire           100%       2d9       1%          2
c - Flame Wave            Conj/Fire      78%        2d17      1%          4
d - Stone Arrow           Conj/Erth      100%       3d13      1%          3
e - Swiftness             Air            22%        N/A       3%          3
f - Dispel Undead         Necr           58%        3d21      1%          4
g - Blink                 Tloc           80%        N/A       1%          2
h - Sticky Flame          Conj/Fire      78%        2d9       1%          4
i - Ignition              Fire           39%        3d12      45%         8
j - Lehudib's Crystal Sp  Conj/Erth      37%        10d9      58%         8

Your spell library contained the following spells:

 Spells                   Type           Power      Damage    Failure   Level
 Magic Dart               Conj           100%       1d8       0%          1
 Kiss of Death            Conj/Necr      100%       2d13      1%          1
 Necrotise                Necr           100%       1d9       1%          1
 Sandblast                Erth           100%       2d20      1%          1
 Shock                    Conj/Air       100%       1d9       1%          1
 Slow                     Hex            88%        N/A       1%          1
 Sting                    Tmut/Pois      88%        1d7       1%          1
 Call Imp                 Summ           44%        N/A       1%          2
 Lesser Beckoning         Tloc           80%        N/A       1%          2
 Momentum Strike          Conj/Tloc      100%       3d10      1%          2
 Poisonous Vapours        Pois/Air       44%        N/A       1%          2
 Static Discharge         Conj/Air       100%       2-7/arc   1%          2
 Gell's Gravitas          Tloc           40%        N/A       1%          3
 Hailstorm                Conj/Ice       56%        3d12      1%          3
 Ignite Poison            Fire/Tmut/Pois 48%        N/A       1%          3
 Inner Flame              Hex/Fire       57%        N/A       1%          3
 Mephitic Cloud           Conj/Pois/Air  47%        N/A       1%          3
 Teleport Other           Tloc           40%        N/A       1%          3
 Vampiric Draining        Necr           58%        2d10      1%          3
 Volatile Blastmotes      Fire/Tloc      100%       2d18      1%          3
 Animate Armour           Summ/Erth      100%       N/A       1%          4
 Animate Dead             Necr           58%        N/A       1%          4
 Petrify                  Tmut/Erth      53%        N/A       1%          4
 Confusing Touch          Hex            22%        N/A       3%          3
 Airstrike                Air            11%        2d(2-18)  10%         4
 Olgreb's Toxic Radiance  Pois           22%        N/A       10%         4
 Summon Ice Beast         Ice/Summ       22%        N/A       10%         4
 Summon Lightning Spire   Summ/Air       22%        N/A       10%         4
 Agony                    Necr           58%        N/A       2%          5
 Summon Forest            Summ/Tloc      15%        N/A       16%         5
 Summon Mana Viper        Hex/Summ       22%        N/A       26%         5
 Simulacrum               Ice/Necr       21%        N/A       38%         6
 Dispersal                Tloc           20%        N/A       41%         6
 Summon Cactus Giant      Summ           11%        N/A       80%         6
 Haunt                    Necr/Summ      21%        N/A       90%         7
 Infestation              Necr           29%        N/A       99%         8
 Chain Lightning          Conj/Air       28%        3d37      100%        9
 Fire Storm               Conj/Fire      39%        8d10      100%        9
 Shatter                  Erth           36%        3d29*     100%        9


Dungeon Overview and Level Annotations

Branches:
Dungeon (15/15)            Temple (1/1) D:4            Lair (5/5) D:8
 Shoals (1/4) Lair:2       Spider (0/4) Lair:2        Slime (0/5) Lair:5
    Orc (2/2) D:10            Elf (0/3) Orc:2        Vaults (0/5) D:13
 Depths (0/4) D:15        Volcano (visited)         Gauntlet (visited)

Altars:
Ashenzari
Cheibriados
Dithmenos
Elyvilon
Fedhas
Gozag
Hepliaklqana
Kikubaaqudgha
Makhleb
Nemelex Xobeh
Okawaru
Qazlal
Ru
Sif Muna
Trog
Uskayaw
Vehumet
Wu Jian
Xom
Yredelemnul
Zin
The Shining One
Lugonu

Shops:
D:5 *   D:6 =   D:10 (   D:13 [   Orc:2 (:==(   Shoals:1 [


Innate Abilities, Weirdness & Mutations

You are too large for most types of armour.
You have tough skin. (AC +1)


Message History

Okay, then.
* * * LOW HITPOINT WARNING * * *
Your lungs strain for air!
The water elemental disappears in a puff of smoke! x2
Your wind drake is asphyxiated!
The water elemental disappears in a puff of smoke!
Water spirits pour forth from the elemental wellspring!
The elemental wellspring gestures.
Send 'em back where they came from!
Your wind drake dissolves into shadows!
Your sea snake bites the water elemental!
The water elemental hits you!
* * * LOW HITPOINT WARNING * * *
You are too confused!
The water engulfing you falls away.
You gasp with relief as air once again reaches your lungs.
The water elemental disappears in a puff of smoke!
Water spirits pour forth from the elemental wellspring!
Your sea snake bites the water elemental but does no damage.
The water elemental hits your sea snake!
The water elemental hits you.
* * * LOW HITPOINT WARNING * * *
The water elemental disappears in a puff of smoke!
Your sea snake bites the water elemental but does no damage.
The water elemental barely misses your sea snake.
The water elemental hits you!
* * * LOW HITPOINT WARNING * * *
The water elemental engulfs you in water!
You feel better.
You feel less invigorated.
* * * LOW HITPOINT WARNING * * *
Your lungs strain for air!
A torrent of water rises up through the elemental wellspring!
The torrent of water passes through the water elemental.
The torrent of water misses you.
The wave splashes down.
Your sea snake bites the water elemental.
The water elemental is destroyed!
The water elemental disappears in a puff of smoke!
A torrent of water rises up through the elemental wellspring!
The torrent of water hits you!!!
You die...

.~~≈≈≈~~......##~≈≈#≈~~# #≈≈≈≈~.~
...~≈≈≈~~....##~≈#~~~≈~##≈≈≈≈≈≈..
....~~~~~~~~.##~#~##~≈~~#≈≈≈≈≈≈#.
......~~~~~~~#~≈≈~##~≈.~##≈≈≈≈≈##
.........~~~.#~≈)###~~~~####≈####
..........~..#~≈~###~≈≈~###~≈~~..
.....#'#.....#~≈E~###.≈≈~##~~≈~..
.....≈.≈≈....##S§EE###~≈≈~##~≈~†.
...#≈≈.≈≈#....##@#≈~###~≈~##~≈~†#
...+.)∩.~'~....##EE~# #~≈~##~~≈~#
...#≈≈.≈≈#~...###E#.# #.#~~##~≈~~
....≈≈~≈~~~..## #§≈~# ##~≈.##~≈~#
.....#+#~~~~.# ..EE≈ #~≈~~#~.≈~#
.....~~~~~~~.# ...~≈##~≈~##~≈≈~#
...~~~~~~~~~~# ....E≈##~~≈~~≈≈~~#
..~~~~~~~~~~~# $~~≈##.~≈≈≈~~~~#
.~~~~~~~~~~~~# ##~~~~~~###


You could see 3 elemental wellsprings, 6 water elementals and a friendly sea
snake (summoned).

Vanquished Creatures
  Nikola (Shoals:1)
  Agnes (D:15)
  A minotaur (Gauntlet)
  2 dire elephants (Lair:5)
  A spark wasp (shapeshifter) (D:12)
  Snorg (Lair:5)
  A merfolk javelineer (Shoals:1)
  2 merfolk impalers (Shoals:1)
  6 hydras
  A vault guard (D:13)
  2 catoblepae
  3 boulder beetles
  13 centaur warriors
  2 two-headed ogres
  A vampire mage (D:15)
  A death yak (Lair:5)
  A spectral dire elephant (Lair:5)
  2 orc high priests
  A hell knight (Volcano)
  A deep elf knight (D:13)
  A titan skeleton (D:15)
  A fire crab (Gauntlet)
  Amaemon (Lair:3)
  2 sea snakes (Shoals:1)
  8 skeletal warriors
  8 skysharks
  A spectral anaconda (Lair:5)
  3 wizards
  9 harpies (Shoals:1)
  An obsidian statue (Lair:5)
  5 necromancers
  9 orc knights
  Pikel (D:7)
  5 deep elf pyromancers
  2 orc sorcerers (Orc:2)
  3 oklob plants
  7 cyclopes
  13 manticores
  10 ugly things
  36 elephants
  A merfolk siren (Shoals:1)
  A salamander (Volcano)
  5 molten gargoyles (Volcano)
  4 black mambas
  17 cane toads
  A torpor snail (Lair:5)
  A water nymph (Shoals:1)
  10 gargoyles
  3 unseen horrors
  An orange demon (Lair:3)
  A kobold demonologist (D:13)
  A rime drake (Lair:1)
  6 komodo dragons
  A freezing wraith (D:13)
  4 efreet
  A guardian mummy (D:15)
  A spriggan skeleton (D:15)
  7 trolls
  3 polar bears (Lair:5)
  4 merfolk (Shoals:1)
  A wind drake (Shoals:1)
  19 blink frogs
  3 spectral elephants (Lair:5)
  17 dream sheep
  5 snapping turtles (Shoals:1)
  Grinder (D:3)
  5 slime creatures
  6 water elementals (Shoals:1)
  A vampire (D:9)
  2 wraiths (D:11)
  5 wyverns
  41 yaks
  A shadow (D:11)
  5 fire bats (Gauntlet)
  6 basilisks
  A death yak simulacrum (Lair:5)
  4 steam dragons
  A redback (Lair:2)
  A spectral cane toad (Lair:5)
  8 vampire mosquitoes
  6 wargs
  A glowing shapeshifter zombie (D:15)
  6 acid dragons
  A hell hound (Gauntlet)
  13 water moccasins
  A tengu skeleton (D:15)
  A sky beast (D:7)
  4 black bears
  43 orc warriors
  An elephant zombie (Lair:5)
  An elephant skeleton (Lair:5)
  9 ogres
  29 centaurs
  14 wolves
  2 kobold brigands
  9 bullfrogs
  2 gnoll sergeants (D:10)
  2 cane toad simulacra (Lair:5)
  2 scorpions
  5 wights (D:9)
  A hornet simulacrum (D:15)
  13 killer bees
  5 howler monkeys
  5 hounds
  2 jellies
  Crazy Yiuf (D:3)
  11 orc priests
  Jessica (D:3)
  2 iguanas (D:4)
  32 orc wizards
  14 hell rats (Lair:4)
  9 gnolls
  5 adders
  4 shadow imps
  3 white imps (Gauntlet)
  An ufetubus (D:4)
  4 worms
  A dart slug (D:1)
  101 orcs
  3 bats (Orc:1)
  10 endoplasms
  6 giant cockroaches
  4 goblins
  8 hobgoblins
  14 kobolds
  6 quokkas
  8 ball pythons
  2 frilled lizards
  A rat (D:1)
805 creatures vanquished.

Vanquished Creatures (collateral kills)
  A fire dragon (D:13)
  A centaur warrior (D:12)
  A skeletal warrior (D:9)
  A freezing wraith (D:12)
  A basilisk (D:12)
  An orc warrior (D:12)
  An orc wizard (D:13)
  25 foxfires
32 creatures vanquished.

Vanquished Creatures (others)
  A wizard (Gauntlet)
  A centaur (D:12)
  2890 foxfires
2892 creatures vanquished.

Grand Total: 3729 creatures vanquished

Notes
Turn   | Place    | Note
-------+----------+-------------------------------------------
     0 | D:1      | arthad the Ogre Fire Elementalist began the quest for the
                  | Orb.
     0 | D:1      | Reached XP level 1. HP: 16/16 MP: 3/3
   144 | D:1      | Reached skill level 1 in Conjurations
   362 | D:1      | Reached XP level 2. HP: 26/26 MP: 1/5
   839 | D:2      | Learned a level 2 spell: Scorch
   860 | D:2      | Reached skill level 1 in Fighting
   860 | D:2      | Reached XP level 3. HP: 29/33 MP: 1/7
  1917 | D:3      | Noticed Grinder
  1927 | D:3      | Reached XP level 4. HP: 41/41 MP: 0/8
  1930 | D:3      | Killed Grinder
  1931 | D:3      | Reached skill level 3 in Spellcasting
  1931 | D:3      | Reached skill level 1 in Earth Magic
  1931 | D:3      | Reached XP level 5. HP: 26/49 MP: 0/10
  1931 | D:3      | Reached XP level 6. HP: 31/57 MP: 0/11
  2358 | D:3      | Noticed Jessica
  2362 | D:3      | Killed Jessica
  2502 | D:3      | Found a runed translucent door.
  2503 | D:3      | Noticed Crazy Yiuf
  2577 | D:3      | Found a hide-covered altar of Uskayaw.
  2712 | D:3      | Killed Crazy Yiuf
  2811 | D:4      | Found a staircase to the Ecumenical Temple.
  2825 | Temple   | Entered the Ecumenical Temple
  2849 | Temple   | Became a worshipper of Makhleb the Destroyer
  3164 | D:4      | Found a blossoming altar of Fedhas.
  3177 | D:4      | Noticed a black bear
  3189 | D:4      | Killed a black bear
  3190 | D:4      | Reached skill level 4 in Spellcasting
  3190 | D:4      | Reached XP level 7. HP: 66/66 MP: 1/13
  4015 | D:4      | Learned a level 4 spell: Flame Wave
  4019 | D:4      | Learned a level 3 spell: Stone Arrow
  4023 | D:4      | Learned a level 3 spell: Volatile Blastmotes
  4157 | D:5      | Entered Level 5 of the Dungeon
  4543 | D:5      | Found a glowing golden altar of the Shining One.
  4558 | D:5      | Found a snail-covered altar of Cheibriados.
  4740 | D:5      | Reached skill level 1 in Invocations
  4740 | D:5      | Reached XP level 8. HP: 75/75 MP: 6/15
  4831 | D:5      | Found Vulox's Lightly-Used Armoury.
  4953 | D:6      | Identified a scroll of acquirement
  4954 | D:6      | Acquired the +6 Majin-Bo {spellvamp, MP+6 Int+6}
  4954 | D:6      | Found the +6 Majin-Bo {spellvamp, MP+6 Int+6}
  5105 | D:6      | Found Ulaymp's Jewellery Boutique.
  5126 | D:6      | Reached * piety under Makhleb
  5246 | D:6      | Reached skill level 5 in Spellcasting
  5928 | D:7      | Noticed Pikel
  5938 | D:7      | Killed Pikel
  5939 | D:7      | Reached skill level 5 in Fire Magic
  5939 | D:7      | Reached XP level 9. HP: 81/84 MP: 10/17
  6234 | D:7      | Reached skill level 6 in Spellcasting
  6362 | D:7      | Identified the +8 arbalest of Youthful Indiscretion
                  | {antimagic, rPois rF+ Str+3 Dex+3}
  6775 | D:8      | Found a bloodstained altar of Trog.
  6889 | D:8      | Found a staircase to the Lair.
  7127 | D:8      | Reached skill level 5 in Fighting
  7127 | D:8      | Reached skill level 5 in Conjurations
  7872 | D:9      | Reached ** piety under Makhleb
  8032 | D:9      | Noticed a skeletal warrior
  8032 | D:9      | Noticed a skeletal warrior
  8080 | D:8      | Learned a level 4 spell: Dispel Undead
  8150 | D:9      | Found an ancient bone altar of Kikubaaqudgha.
  8226 | D:9      | Noticed a two-headed ogre
  8229 | D:9      | Reached XP level 10. HP: 96/96 MP: 19/20
  8244 | D:9      | Killed a two-headed ogre
  8245 | D:9      | Reached skill level 7 in Spellcasting
  8381 | D:9      | Reached skill level 1 in Necromancy
  8732 | D:9      | Found a sacrificial altar of Ru.
  8742 | D:9      | Found an ornate altar of the Wu Jian Council.
  8748 | D:9      | Found a hazy altar of Hepliaklqana.
  8756 | D:9      | Found an opulent altar of Gozag.
  8761 | D:9      | Found a stormy altar of Qazlal.
  8769 | D:9      | Found a broken altar of Ashenzari.
  8777 | D:9      | Found a radiant altar of Vehumet.
  8879 | D:9      | Acquired the amulet of Vitality {RegenMP++ Regen++}
  8879 | D:9      | Found the amulet of Vitality {RegenMP++ Regen++}
  9063 | D:9      | Noticed a skeletal warrior
  9070 | D:9      | Killed a skeletal warrior
  9154 | D:8      | Killed a skeletal warrior
  9200 | D:9      | Killed a skeletal warrior
  9201 | D:9      | Reached skill level 5 in Earth Magic
  9258 | D:9      | Reached XP level 11. HP: 105/105 MP: 22/22
  9333 | D:10     | Entered Level 10 of the Dungeon
  9335 | D:10     | Found Cos Micaif's Weapon Shoppe.
  9335 | D:10     | Found a staircase to the Orcish Mines.
  9546 | D:10     | Reached skill level 8 in Spellcasting
  9555 | D:10     | Reached *** piety under Makhleb
  9816 | D:10     | Noticed a two-headed ogre
  9822 | D:10     | Killed a two-headed ogre
  9823 | D:10     | Reached skill level 5 in Dodging
  9831 | D:10     | Identified the +0 leather armour of Inference {rN+ Regen+
                  | Str+3}
  9875 | D:10     | Found a shimmering altar of Xom.
 10518 | D:11     | Noticed a brown ugly thing
 10526 | D:11     | Killed a brown ugly thing
 10605 | D:11     | Reached skill level 5 in Invocations
 10617 | D:11     | Reached **** piety under Makhleb
 11122 | D:12     | Noticed a catoblepas
 11167 | D:12     | Noticed a cyclops
 11183 | D:12     | Killed a cyclops
 11198 | D:12     | Identified the amulet "Eze Puz" {Spirit -Tele rElec rC+++
                  | Will-}
 11212 | D:12     | Reached XP level 12. HP: 118/118 MP: 24/24
 11238 | D:12     | Reached skill level 9 in Spellcasting
 11399 | D:12     | Noticed a centaur warrior
 11400 | D:12     | Noticed a spark wasp
 11406 | D:12     | Killed a spark wasp
 11451 | D:12     | Noticed a centaur warrior
 11458 | D:12     | Killed a centaur warrior
 11478 | D:12     | Killed a centaur warrior
 11486 | D:12     | Reached skill level 5 in Stealth
 11496 | D:12     | Learned a level 2 spell: Blink
 11501 | D:12     | Learned a level 4 spell: Sticky Flame
 11546 | D:12     | Got the Incunabulum of Geomancy
 11563 | D:12     | Noticed a centaur warrior
 11574 | D:12     | Killed a centaur warrior
 11916 | D:12     | Killed a catoblepas
 12411 | D:13     | Noticed a death knight
 12423 | D:12     | Reached skill level 10 in Spellcasting
 12532 | D:13     | Noticed a centaur warrior
 12533 | D:13     | Noticed a centaur warrior
 12541 | D:13     | Reached XP level 13. HP: 127/127 MP: 27/27
 12563 | D:13     | Noticed a vault guard
 12575 | D:13     | Killed a vault guard
 12575 | D:13     | Noticed a fire dragon
 12576 | D:13     | Reached ***** piety under Makhleb
 12581 | D:13     | HP: 3/128 [boulder beetle (18)]
 12745 | D:13     | Killed a fire dragon
 12817 | D:13     | Found a gate to the Vaults.
 12887 | D:13     | Found Jyimakic's Armour Shoppe.
 13703 | D:13     | Reached skill level 1 in Staves
 13967 | D:14     | Reached skill level 1 in Armour
 14170 | D:14     | Reached skill level 11 in Spellcasting
 14170 | D:14     | Reached XP level 14. HP: 125/140 MP: 20/29
 14519 | D:15     | Entered Level 15 of the Dungeon
 14522 | D:15     | Noticed Agnes
 14588 | D:15     | Found a white marble altar of Elyvilon.
 14708 | D:15     | Found a staircase to the Depths.
 14765 | D:15     | Found a gate leading to a gauntlet.
 14774 | Gauntlet | Entered a Gauntlet
 14774 | Gauntlet | Found a transporter.
 14805 | Gauntlet | Found a transporter.
 14817 | Gauntlet | Found a transporter.
 14821 | Gauntlet | Found a transporter.
 14831 | Gauntlet | Found a transporter.
 14851 | Gauntlet | Found a transporter.
 14864 | Gauntlet | Found a transporter.
 14884 | Gauntlet | Found a transporter.
 14890 | Gauntlet | Found a transporter.
 14896 | Gauntlet | Found a transporter.
 14919 | Gauntlet | Found a transporter.
 14920 | Gauntlet | Found a transporter.
 15018 | Gauntlet | Identified the +2 hat "Jozenib" {rPois Will+ Str-2}
 15130 | Gauntlet | Identified the ring "Linizatz" {Wiz Int+3 SInv}
 15154 | Gauntlet | Learned a level 3 spell: Swiftness
 15505 | D:15     | Reached skill level 10 in Fire Magic
 15697 | D:15     | Killed Agnes
 16059 | Lair:1   | Entered Level 1 of the Lair of Beasts
 16076 | Lair:1   | Found a dark tunnel.
 16097 | Volcano  | Entered a volcano
 16164 | Volcano  | Reached ****** piety under Makhleb
 16277 | Volcano  | Noticed an orb of fire
 16323 | Volcano  | Noticed an orb of fire
 16845 | Lair:1   | Reached XP level 15. HP: 149/149 MP: 30/30
 17205 | Lair:1   | You fall into a shaft and drop 1 floor!
 17244 | Lair:2   | Found a staircase to the Shoals.
 17293 | Lair:2   | Reached skill level 10 in Fighting
 17362 | Lair:2   | Reached skill level 12 in Spellcasting
 17673 | Lair:2   | Reached skill level 10 in Conjurations
 17723 | Lair:2   | Found a hole to the Spider Nest.
 17861 | Lair:3   | Found a sparkling altar of Nemelex Xobeh.
 18160 | Lair:3   | Noticed Amaemon
 18168 | Lair:3   | Killed Amaemon
 18226 | Lair:3   | Reached skill level 5 in Necromancy
 18418 | Lair:3   | Found a blossoming altar of Fedhas.
 19696 | Lair:5   | Entered Level 5 of the Lair of Beasts
 19738 | Lair:5   | Noticed Snorg
 19749 | Lair:5   | Killed Snorg
 19762 | Lair:5   | Reached XP level 16. HP: 154/159 MP: 7/32
 19815 | Lair:5   | Found a staircase to the Slime Pits.
 19990 | Lair:5   | Reached skill level 1 in Translocations
 20143 | Lair:5   | Reached skill level 13 in Spellcasting
 20496 | Lair:5   | Learned a level 8 spell: Ignition
 20505 | Lair:5   | Learned a level 8 spell: Lehudib's Crystal Spear
 20524 | Lair:5   | Reached skill level 5 in Staves
 20542 | Lair:5   | Identified the +3 troll leather armour "Huisujan" {rF+
                  | Regen+ Int+2}
 20676 | Lair:5   | Identified the +4 quarterstaff of Repheud {drain, Dex+3}
 21782 | Orc:1    | Entered Level 1 of the Orcish Mines
 21977 | Orc:2    | Entered Level 2 of the Orcish Mines
 22010 | Orc:2    | Found Geytuyb's Jewellery Emporium.
 22662 | Orc:2    | Found Rykhluzxu's Antique Weapon Shop.
 22662 | Orc:2    | Found Eckym's Jewellery Emporium.
 22951 | Orc:2    | Found a staircase to the Elven Halls.
 22962 | Orc:2    | Found Wainoast's Weapon Emporium.
 22962 | Orc:2    | Found Falinn's Book Shop.
 23683 | Shoals:1 | Entered Level 1 of the Shoals
 23701 | Shoals:1 | Reached XP level 17. HP: 163/170 MP: 27/34
 23739 | Shoals:1 | Found Qaludgh's Antique Armour Shoppe.
 24020 | Shoals:1 | Noticed Nikola
 24039 | Shoals:1 | Killed Nikola
 24388 | Shoals:1 | HP: 5/170 [water elemental[an elemental wellspring] (15)]
 24389 | Shoals:1 | Killed from afar by an elemental wellspring

Illustrated notes

Levels and vault maps discovered:
D:1:      dpeg_arrival_pits, layout_loops_ring
D:2:      layout_loops_cross, supply_closet_lemuel, minmay_misc_feat_chi
D:3:      layout_rooms, nicolae_uskayaw_suspiria, minmay_checkerbox,
          uniq_grinder, uniq_crazy_yiuf_cottage, uniq_jessica
D:4:      layout_cave_pods, mainiacjoe_overflow_alcove_1,
          minmay_temple_entry_overgrown
D:5:      layout_cave_pools, lemuel_round_altar, kennysheep_mini,
          minmay_shop_damaged, minmay_misc_feat_plants
D:6:      layout_basic, serial_shops, shop, minmay_misc_feat_room,
          interstate_on_off
D:7:      layout_cave_pools, minmay_a_box_with_orc_wizards_in_it, uniq_pikel
D:8:      layout_basic, trog_ov_bears_minmay, dpeg_oklobed_lair,
          nicolae_concentric_dashed_squares_mild, lightli_orcish_oven
D:9:      layout_roguey, grunt_temple_overflow_octagram, general_overflow_altar,
          minmay_puff
D:10:     kennysheep_six_static_rooms, layout_loops_ring,
          mainiacjoe_overflow_six_doors_small, orc_david_3
D:11:     layout_basic, kennysheep_minor_cross
D:12:     minmay_the_grid_octo_tiled_squarecenter_mashed
          [minmay_the_grid_octo_teeth, minmay_the_grid_octo_empty,
          minmay_the_grid_octo_focus, minmay_the_grid_octo_checkerflower,
          minmay_the_grid_square_5x5_megaprize_checkered,
          minmay_the_grid_square_5x5_hollow_slash,
          minmay_the_grid_square_5x5_plus,
          minmay_the_grid_square_5x5_spiral_small,
          minmay_the_grid_square_5x5_bite], layout_irregular_city
D:13:     layout_layer_cave, david_vaults_5, serial_shops, shop
D:14:     layout_loops_ring
D:15:     gammafunk_depths_entry_grave, layout_cave_pools,
          gauntlet_entry_generic, elyvilon_altar_1, uniq_agnes
Temple:   corrupted_temple
Lair:1:   layout_loops_ring, enter_volcano_2, guppyfry_lair_drakes,
          grunt_megastairs_4, infiniplex_staircase_pool_2
Lair:2:   layout_chaotic_city, shoals_dummy_entry, spider_nest_entry_webs
Lair:3:   layout_gridlike, basic_altar, small_statue_intersection,
          hangedman_tree_tricks, grunt_megastairs_1, uniq_amaemon
Lair:4:   layout_gridlike
Lair:5:   due_jungle_book, layout_cave_pods, slime_entry_1,
          serial_bayou_shore_a, grunt_megastairs_2, uniq_snorg
Shoals:1: layout_shoals, serial_shops, nicolae_shop_hallway_plus,
          nicolae_shoals_raging_river, uniq_nikola
Orc:1:    layout_caves, mines_bat_river
Orc:2:    st_orc_town, layout_diamond_mine, serial_shops, shop

Skill      XL: |  1  2  3  4  5  6  7  8  9 10 11 12 13 14 15 16 17 |
---------------+----------------------------------------------------+-----
Conjurations   | 1 2 3 4 5 6 7 8 9 10 11 | 11.2
Fighting       | 1 2 3 4 5 6 7 8 9 10 11 | 11.4
Fire Magic     | 3 4 5 6 7 8 9 10 11 | 11.7
Dodging        | 2 3 4 5 6 7 8 9 |  9.2
Stealth        | 2 3 4 5 6 7 |  7.1
Spellcasting   | 3 4 5 6 7 8 10 11 12 13 | 13.6
Earth Magic    | 1 2 3 5 6 7 8 9 |  9.9
Invocations    | 1 2 3 4 5 6 7 8 |  8.8
Necromancy     | 1 2 3 4 5 6 |  6.0
Staves         | 2 3 4 5 |  5.6
Armour         | 1 2 3 4 |  4.4
Translocations | 2 |  2.8

Action                     |  1- 3 |  4- 6 |  7- 9 | 10-12 | 13-15 | 16-18 || total
---------------------------+-------+-------+-------+-------+-------+-------++-------
  Melee: Unarmed           |     3 |       |       |       |       |       ||     3
         Executioner's axe |    26 |    16 |    41 |       |       |       ||    83
         Staff             |       |       |     6 |       |       |       ||     6
         Bo                |       |       |    12 |    16 |    23 |     3 ||    54
  Throw: Large rock        |       |       |       |       |     1 |       ||     1
   Cast: Foxfire           |    63 |    44 |   225 |   315 |   503 |   496 ||  1646
         Scorch            |     2 |     7 |    19 |    99 |   134 |   101 ||   362
         Flame Wave        |       |       |     3 |    25 |    87 |    66 ||   181
         Dispel Undead     |       |       |       |    16 |    30 |    19 ||    65
         Volatile Blastmot |       |       |       |     6 |     1 |       ||     7
         Stone Arrow       |       |       |       |     5 |    99 |    60 ||   164
         Sticky Flame      |       |       |       |       |    34 |    27 ||    61
         Blink             |       |       |       |       |     8 |     5 ||    13
  Evoke: Wand              |       |       |     1 |     1 |     3 |       ||     5
    Use: Potion            |       |     1 |     1 |     5 |     6 |     4 ||    17
         Scroll            |       |       |     9 |    12 |    19 |     2 ||    42
   Stab: Sleeping          |       |       |       |       |     1 |       ||     1
 Armour: Robe              |    30 |    32 |    74 |       |       |       ||   136
         Steam dragon scal |       |       |    33 |   245 |   504 |   107 ||   889
         Fire dragon scale |       |       |       |       |    31 |       ||    31
         Troll leather arm |       |       |       |       |       |   189 ||   189
  Dodge: Dodged            |    17 |    22 |    81 |    93 |   423 |   262 ||   898

Table legend: (Time is in decaauts)
 A = Elapsed time spent in this place.
 B = Non-inter-level travel time spent in this place.
 C = Inter-level travel time spent in this place.
 D = Time resting spent in this place.
 E = Time spent auto-exploring this place.
 F = Levels seen in this place.
 G = Mean time per level.
                   A        B        C        D        E       F      G
               +--------+--------+--------+--------+--------+-----+--------+
         Total |  24491 |  23199 |   1292 |   1056 |  16606 |  26 |  942.0 |
       Dungeon |  15757 |  14937 |    820 |    934 |  10924 |  15 | 1050.5 |
        Temple |     38 |     14 |     24 |      0 |     10 |   1 |   38.0 |
          Lair |   5237 |   4883 |    354 |     88 |   3480 |   5 | 1047.4 |
        Shoals |    704 |    704 |      0 |     17 |    482 |   1 |  704.0 |
  Orcish Mines |   1767 |   1674 |     93 |      0 |   1130 |   2 |  883.5 |
       Volcano |    496 |    496 |      0 |     17 |    289 |   1 |  496.0 |
      Gauntlet |    488 |    488 |      0 |      0 |    291 |   1 |  488.0 |
               +--------+--------+--------+--------+--------+-----+--------+

Top non-repeatable levels by time:
  Lair:5: 1940 daAuts
    D:13: 1697 daAuts
     D:8: 1471 daAuts
     D:9: 1425 daAuts
     D:4: 1345 daAuts
   Orc:2: 1223 daAuts
  Lair:3: 1103 daAuts
     D:2: 1095 daAuts
    D:10: 968 daAuts
     D:6: 967 daAuts
    D:12: 948 daAuts
     D:3: 940 daAuts
    D:14: 938 daAuts
    D:11: 859 daAuts
    D:15: 819 daAuts
